 Dungeon Crawl Stone Soup version 0.23-a0-183-gf37f6fb (webtiles) character file.

4 Amnesiac the Skirmisher (level 1, 0/18 HPs)
             Began as a Mummy Monk on Sept 21, 2018.
             Slain by a goblin
             ... wielding a +0 club
              (1 damage)
             ... on level 1 of the Dungeon.
             The game lasted 00:00:18 (75 turns).

Amnesiac the Skirmisher (Mummy Monk)                  Turns: 75, Time: 00:00:19

Health: 0/18       AC:  2    Str: 14    XL:     1   Next: 58%
Magic:  2/2        EV: 13    Int:  9    God:
Gold:   5          SH:  0    Dex: 14    Spells: 2/2 levels left

rFire    x . .     SeeInvis .   a - +0 short sword
rCold    + . .     Gourm    .   (no shield)
rNeg     + + +     Faith    .   b - +0 robe
rPois    ∞         Spirit   .   (no helmet)
rElec    .         Reflect  .   (no cloak)
rCorr    .         Harm     .   (no gloves)
MR       .....                  (no boots)
Stlth    ++........             (no amulet)
HPRegen  0.06/turn              (no ring)
MPRegen  0.08/turn              (no ring)

@: no status effects
A: no food or potions, fire vulnerability, cold resistance 1, negative energy
resistance 3, torment resistance, unbreathing
a: no special abilities


You were on level 1 of the Dungeon.
You were not hungry.

You visited 1 branch of the dungeon, and saw 1 of its levels.

You collected 5 gold pieces.

Inventory:

Hand Weapons
 a - a +0 short sword (weapon)
Armour
 b - a +0 robe (worn)
 c - a +0 ring mail


   Skills:
 - Level 3.0 Fighting
 - Level 2.4 Short Blades
 - Level 2.4 Dodging
 - Level 1.5 Stealth
 + Level 1.4 Spellcasting


You had 2 spell levels left.
You didn't know any spells.
Your spell library was empty.

Dungeon Overview and Level Annotations

Branches:
Dungeon (1/15)

Altars:


Innate Abilities, Weirdness & Mutations

You do not eat or drink.
Your flesh is vulnerable to fire.
You are immune to poison.
Your flesh is cold resistant. (rC+)
You are immune to negative energy. (rN+++)
You are immune to unholy pain and torment.
You can survive without breathing.


Message History

The kobold shouts!
The goblin shouts!
The goblin barely misses you.
You hear a shout! x3
You hit the goblin.
You kill the goblin!
You hear a shout!
A kobold comes into view. It is wielding a club.
A rat and a kobold come into view.
The kobold shouts!
A goblin comes into view. It is wielding a club.
The kobold completely misses you.
You hit the kobold.
The kobold is severely wounded.
The kobold hits you with a whip. The kobold hits you but does no damage.
The kobold throws a stone.
The stone hits you.
* * * LOW HITPOINT WARNING * * *
You see here a stone.
A rat comes into view.
The rat bites you.
* * * LOW HITPOINT WARNING * * *
The rat barely misses you.
You hit the kobold but do no damage.
The kobold is severely wounded.
You hit the kobold.
You kill the kobold!
Your Spellcasting skill increases to level 1!
Found a ring mail.
You see here a ring mail.
c - a ring mail The kobold hits you with a club.
* * * LOW HITPOINT WARNING * * *
A bat comes into view.
A goblin comes into view. It is wielding a club.
Found 12 gold pieces.
Autopickup is now off.
You see here 12 gold pieces.
A kobold comes into view.
The kobold shouts!
You hear a shout!
The kobold hits you.
* * * LOW HITPOINT WARNING * * *
A hobgoblin comes into view. It is wielding a club.
You closely miss the kobold. The kobold closely misses you.
You hit the kobold.
The kobold is heavily wounded.
The kobold barely misses you. x2
You hit the kobold.
The kobold is severely wounded.
The kobold hits you with a club.
* * * LOW HITPOINT WARNING * * *
The kobold hits you.
* * * LOW HITPOINT WARNING * * *
You barely miss the kobold.
The kobold is severely wounded.
The kobold closely misses you. x2
You hit the kobold.
You kill the kobold!
The kobold hits you but does no damage.
You closely miss the goblin. The kobold closely misses you.
The goblin barely misses you.
You hit the goblin.
The goblin is moderately wounded.
The kobold barely misses you. The goblin hits you with a club.
You die...

......##g.#.....
#####.## #.....b..
......####.##.....
###....g.# .....
##$##### .... #K#
.... #r# . #g# #@#
#K# #g# #.# #..
###


You could see a hobgoblin, a goblin, 2 kobolds and a rat.

Vanquished Creatures
  A goblin (D:1)
  2 kobolds (D:1)
  A ball python (D:1)
4 creatures vanquished.

Notes
Turn   | Place    | Note
-------+----------+-------------------------------------------
     0 | D:1      | Amnesiac the Mummy Monk began the quest for the Orb.
     0 | D:1      | Reached XP level 1. HP: 18/18 MP: 1/1
    47 | D:1      | Reached skill level 1 in Spellcasting
    75 | D:1      | Slain by a goblin

Vault maps used:
D:1:      denvon_arrival_waterhouse

Skill      XL: |  1 |
---------------+----+-----
Spellcasting   | 1 |  1.4
Fighting       | |  3.0
Short Blades   | |  2.4
Dodging        | |  2.4
Stealth        | |  1.5

Action                   || total
-------------------------++-------
Melee: Short sword       ||    12
Armor: Robe              ||     1
Dodge: Dodged            ||    11

Table legend:
 A = Non-vault XP
 B = Vault XP
 C = Vault XP percentage of total XP
 D = Non-vault monster count
 E = Vault monster count
 F = Vault count percentage of total count
                 A         B        C        D         E       F
            +---------+---------+-------+---------+---------+-------
      Total |       7 |       0 |   0.0 |       4 |       0 |   0.0
            +---------+---------+-------+---------+---------+-------
        D:1 |       7 |       0 |   0.0 |       4 |       0 |   0.0
            +---------+---------+-------+---------+---------+-------
